[Event "Betsys MČR v online bleskovém šachu 2021"]
[Site "Chess.com"]
[Date "2021.04.17"]
[Round "8"]
[White "HonzaVykouk"]
[Black "fadamos"]
[Result "1-0"]
[WhiteElo "2685"]
[BlackElo "2301"]
[TimeControl "180+1"]
[EndTime "10:21:41 PDT"]
[Termination "Uživatel HonzaVykouk zvítězil po vzdání soupeře"]

1. e4 d6 2. d4 Nf6 3. Nc3 g6 4.
Be3 a6 5. f3 b5 6. Qd2 Nbd7 7.
h4 Bb7 8. Nh3 Nb6 9. b3 h5 10.
Ng5 Bg7 11. O-O-O Nfd7 12. Ne2 c5 13. Nf4 Bf6 14. Be2 Qc7 15. Kb1 Bxg5 16. hxg5 O-O-O 17. Qa5 Kb8 18. dxc5 Nxc5 19. Nd3 Nbd7 20. Qd2 Rc8 21.
Rc1 Nxd3 22. cxd3 Qd8 23. Rxc8+ Bxc8 24. Rc1 Bb7 25. Qc3 e5 26. d4 Qc8 27. Qb4 Qf8 28. d5 Qe7 29. a4 Rc8 30. Rxc8+ Kxc8 31. axb5 axb5 32. Bxb5 Qd8 33. Bc6 Qc7 34. Ba4 Nc5 35.
Bxc5 Qxc5 36. Qxc5+ dxc5 37. Be8 Ba6 38. Bxf7 Bf1 39.
Bxg6 Bxg2 40. Bxh5 1-0

[Event "Betsys MČR v online bleskovém šachu 2021"]
[Site "Chess.com"]
[Date "2021.04.17"]
[Round "8"]
[White "sodikus"]
[Black "DenryS"]
[Result "0-1"]
[WhiteElo "2243"]
[BlackElo "2139"]
[TimeControl "180+1"]
[EndTime "10:21:42 PDT"]
[Termination "Uživatel DenryS zvítězil na čas"]

1. Nf3 d5 2. d4 Nc6 3. c4 Bg4 4. e3 e6 5. Nc3 Nf6 6. cxd5 exd5 7. Bb5 Bd6 8. h3 Bh5 9. Qb3 O-O 10. Bd2 Re8 11. Be2 Na5 12. Qc2 c6 13. O-O Nc4 14.
Bxc4 dxc4 15. Ng5 Bg6 16. Qd1 Bd3 17. Re1 h6 18. Nf3 Nd5 19. Rc1 b5 20. a3 a5 21.
Nh2 Nxc3 22. Bxc3 b4 23. axb4 axb4 24. Bd2 b3 25. Qf3 Qb6 26. Bc3 Bb4 27. g3 Bxc3 28. Rxc3 Ra2 29. Ng4 Rxb2 30. Ne5 Rxe5 31. dxe5 Qa5 32.
Rec1 Rc2 33. R3xc2 Bxc2 34. Qxc6 b2 35. Qc8+ Kh7 36.
Rf1 c3 37. Qe8 b1=Q 38. Rxb1 Bxb1 39. Qxf7 Bg6 0-1

[Event "Betsys MČR v online bleskovém šachu 2021"]
[Site "Chess.com"]
[Date "2021.04.17"]
[Round "8"]
[White "RunningPawnz88"]
[Black "Jacques_se_mas"]
[Result "0-1"]
[WhiteElo "1354"]
[BlackElo "1747"]
[TimeControl "180+1"]
[EndTime "10:21:43 PDT"]
[Termination "Uživatel Jacques_se_mas zvítězil na čas"]

1. e4 e6 2. d4 b6 3. Be3 Bb7 4. Nc3 Bb4 5. Ne2 Bxe4 6. a3 Bxc3+ 7. Nxc3 Bb7 8. Qd2 Nf6 9. O-O-O d5 10. Bg5 h6 11. Bh4 Nbd7 12. Bd3 c6 13. f3 Qe7 14. g4 g5 15. Bg3 a5 16. Rde1 b5 17. Na2 b4 18. axb4 axb4 19. Qxb4 Rxa2 20. Qxb7 O-O 21. Kb1 Rfa8 22. c3 Qd8 23. Qxc6 Qa5 24. Kc2 Ra7 25. Be5 Nxe5 26. Rxe5 Rc7 27. Qb5 Qxc3+ 28.
Kd1 Ra1+ 29. Ke2 Qxd4 30. Rxa1 Qxe5+ 31. Kf2 Qxh2+ 32. Ke3 d4+ 33. Kxd4 Qf4+ 34. Be4 e5+ 35. Kd3 Rd7+ 36. Kc2 Rd2+ 37. Kb3 Qe3+ 38. Ka2 Nxe4 39.
fxe4 Qxe4 40. Qe8+ Kg7 41. Rf1 Qb7 0-1

[Event "Betsys MČR v online bleskovém šachu 2021"]
[Site "Chess.com"]
[Date "2021.04.17"]
[Round "8"]
[White "Bancroft"]
[Black "Tobish"]
[Result "1-0"]
[WhiteElo "1918"]
[BlackElo "1678"]
[TimeControl "180+1"]
[EndTime "10:21:44 PDT"]
[Termination "Uživatel Bancroft zvítězil po vzdání soupeře"]

1. d4 d5 2. c4 Nc6 3. Nc3 Nf6 4. Nf3 Bg4 5. Bg5 e6 6. e3 Bb4 7. Be2 O-O 8. O-O h6 9. Bh4 Be7 10. Rc1 Qd7 11. h3 Bf5 12. Bg3 Ne4 13. Nxe4 Bxe4 14.
cxd5 exd5 15. Bb5 Bd6 16. Ne5 Bxe5 17. Bxe5 Qe6 18. Bxc7 Rac8 19. Bg3 Nb4 20. a3 Nc6 21. Bd3 Ne7 22. Bxe4 Qxe4 23. Qb3 b6 24. Bd6 Rfd8 25.
Bxe7 Qxe7 26. Rc3 Rxc3 27. Qxc3 Rd7 28. Rc1 Kh7 29. Qc6 g6 30. b4 Kg7 31. a4 Kh7 32.
a5 bxa5 33. bxa5 Kg7 34. a6 Kh7 35. Rc5 Rd6 36. Qb7 Rd7 37. Qb5 Qd6 38. Rc6 Qe7 39.
Qc5 Qd8 40. Rc8 Qf6 41. Qf8 Qg7 42. Qe8 Rd6 43. Rc7 Rxa6 44. Rxf7 Ra1+ 45. Kh2 1-0

[Event "Betsys MČR v online bleskovém šachu 2021"]
[Site "Chess.com"]
[Date "2021.04.17"]
[Round "8"]
[White "matej-c"]
[Black "Naty139"]
[Result "0-1"]
[WhiteElo "1961"]
[BlackElo "2224"]
[TimeControl "180+1"]
[EndTime "10:21:45 PDT"]
[Termination "Uživatel Naty139 zvítězil na čas"]

1. d4 d5 2. c4 c6 3. cxd5 cxd5 4. Nf3 Nc6 5. Nc3 Nf6 6. Bf4 a6 7. e3 Nh5 8. Bg5 h6 9. Bh4 g5 10. Bg3 Nxg3 11. hxg3 Bg7 12. Bd3 Qa5 13. Rc1 Be6 14. Qb3 Rb8 15. Kf1 O-O 16. Bb1 f5 17.
Qc2 Nb4 18. Qd2 Rbc8 19. a3 Nc6 20. Qd3 b5 21. g4 b4 22. axb4 Nxb4 23. Qd2 fxg4 24.
Ne5 Bxe5 25. dxe5 Kg7 26. Kg1 Nc6 27. f4 gxf3 28. gxf3 Nxe5 29. Qd4 Qc7 30. f4 gxf4 31. exf4 Rf6 32. fxe5 Rf3 33. Rh2 Rg3+ 34. Rg2 Rxg2+ 35.
Kxg2 Rg8 36. Kh2 Kf8 37. Rf1+ Ke8 38. Bh7 Rg7 39. Bd3 Rg5 40. Qh4 Rxe5 41. Kh1 Kd7 0-1

[Event "Betsys MČR v online bleskovém šachu 2021"]
[Site "Chess.com"]
[Date "2021.04.17"]
[Round "8"]
[White "mendryxchess"]
[Black "Johanna94"]
[Result "0-1"]
[WhiteElo "1783"]
[BlackElo "2072"]
[TimeControl "180+1"]
[EndTime "10:21:48 PDT"]
[Termination "Uživatel Johanna94 zvítězil matem"]

1. e4 c6 2. d4 d5 3. exd5 cxd5 4.
c4 Nf6 5. Nc3 Nc6 6. Nf3 Bg4 7.
cxd5 Nxd5 8. Qb3 Bxf3 9. gxf3 Nxc3 10. bxc3 Qc7 11. d5 Ne5 12. Bb5+ Nd7 13. Be3 a6 14. Bc4 Rc8 15. Bd3 Qxc3+ 16. Qxc3 Rxc3 17. Bf5 Rc7 18.
Ke2 g6 19. Bd4 Rg8 20. Be4 f5 21. Bd3 Nf6 22. Be5 Rd7 23. Rhd1 Kf7 24. Bc4 Bg7 25. d6+ e6 26. Rac1 Rgd8 27. Bb3 Ne8 28. Bxg7 Nxg7 29. Rc7 Ne8 30. Ba4 b5 31. Rxd7+ Rxd7 32. Bb3 Rxd6 33. Rc1 Ke7 34. Rc7+ Nxc7 35. Ke3 a5 36.
Kf4 a4 37. Kg5 axb3 38. Kh6 e5 39. Kxh7 Kf6 40. Kg8 Rd8+ 41. Kh7 bxa2 42. f4 a1=N 43. fxe5+ Kxe5 44. f4+ Kxf4 45. h4 Rd2 46. h5 gxh5 47.
Kg6 h4 48. Kf6 h3 49. Kg6 h2 50. Kf7 Rd6 51. Kg7 Ra6 52. Kf7 Nd5 53. Kg7 Ne3 54.
Kh7 h1=Q+ 55. Kg7 Qh6+ 56. Kf7 Ra7+ 57. Kg8 Qg7# 0-1

[Event "Betsys MČR v online bleskovém šachu 2021"]
[Site "Chess.com"]
[Date "2021.04.17"]
[Round "8"]
[White "Maty_2010"]
[Black "valid88"]
[Result "0-1"]
[WhiteElo "984"]
[BlackElo "1340"]
[TimeControl "180+1"]
[EndTime "10:21:48 PDT"]
[Termination "Uživatel valid88 zvítězil na čas"]

1. e4 c6 2. Bc4 d5 3. exd5 cxd5 4. Bb5+ Bd7 5. Bxd7+ Qxd7 6. d4 e6 7. Bf4 Bd6 8. Bxd6 Qxd6 9. Nc3 Nc6 10. Nb5 Qd8 11. Qf3 Nf6 12. Qg3 O-O 13. Nc7 Rc8 14. Nb5 a6 15. Nc3 Nxd4 16. O-O-O Nb5 17. Nxb5 axb5 18.
Nf3 Qc7 19. Qxc7 Rxc7 20. Ne5 Rfc8 21. c3 b4 22. Rd3 bxc3 23. bxc3 Ne4 24. Kb2 Rxc3 25.
Rxc3 Rxc3 26. a4 Rc8 27. a5 Ra8 28. Rc1 f6 29. Nd7 Rxa5 30. Rc8+ Kf7 31. Rc7 Kg6 32. Rxb7 Nxf2 33. Nf8+ Kh6 34. h3 e5 35. Kc3 d4+ 36.
Kd2 Ra2+ 37. Ke1 d3 38. Ne6 d2+ 39. Kxf2 d1=Q+ 40. Kg3 Qd3+ 41. Kh2 Qg6 42. Rxg7 Qxg7 43. Nxg7 Kxg7 44. h4 e4 45. h5 e3 0-1

[Event "Betsys MČR v online bleskovém šachu 2021"]
[Site "Chess.com"]
[Date "2021.04.17"]
[Round "8"]
[White "martin1804"]
[Black "Jakuboss22005"]
[Result "1-0"]
[WhiteElo "2272"]
[BlackElo "2066"]
[TimeControl "180+1"]
[EndTime "10:21:49 PDT"]
[Termination "Uživatel martin1804 zvítězil na čas"]

1. d4 Nf6 2. Nf3 g6 3. Bf4 Bg7 4. e3 O-O 5. h3 d6 6. Be2 b6 7. O-O Bb7 8. a4 a6 9. Nbd2 Nbd7 10. a5 b5 11. c4 bxc4 12. Nxc4 c5 13. Bh2 Ne4 14. Qa4 Rc8 15. Rfd1 Bc6 16. Qa3 Bb5 17.
d5 Rb8 18. Rab1 Qc7 19. Bf1 Rfc8 20. g4 Rb7 21. Qd3 Nef6 22. g5 Ne8 23. Qe4 Nf8 24. Nb6 Bxf1 25. Rxf1 Rcb8 26. b4 cxb4 27. Rfc1 Qd8 28.
Rxb4 Nd7 29. Rc6 Bc3 30. Rxc3 Nc5 31. Qc2 Nc7 32. e4 Nb5 33. Re3 Rc7 34. e5 Nd7 35.
Qd2 dxe5 36. Nxe5 Nxe5 37. Bxe5 Nd6 38. h4 f6 39. gxf6 exf6 40. Bg3 Rbb7 41. Re6 Rd7 42. Nxd7 Rxd7 43. Rb6 1-0

[Event "Betsys MČR v online bleskovém šachu 2021"]
[Site "Chess.com"]
[Date "2021.04.17"]
[Round "8"]
[White "Evca64"]
[Black "JaraLinhart"]
[Result "1-0"]
[WhiteElo "2070"]
[BlackElo "1691"]
[TimeControl "180+1"]
[EndTime "10:21:49 PDT"]
[Termination "Uživatel Evca64 zvítězil na čas"]

1. e4 c6 2. d4 d5 3. exd5 cxd5 4. Bd3 Nf6 5. c3 Nc6 6. Bf4 e6 7. Nf3 h6 8. h3 Bd6 9. Bxd6 Qxd6 10. O-O O-O 11.
Nbd2 Bd7 12. Qe2 Rac8 13. Rae1 Qc7 14. Ne5 Be8 15. f4 Qb6 16. Ndf3 Nd7 17. Bb1 Nd8 18. Nxd7 Bxd7 19. Ne5 Bb5 20. Qc2 f5 21. Rf3 Nf7 22. Nxf7 Rxf7 23. Rfe3 Bd7 24. g4 Qd6 25. Re5 g6 26.
gxf5 Rxf5 27. Rxf5 exf5 28. Re5 Re8 29. Qg2 Rxe5 30.
fxe5 Qe6 31. Bc2 Kg7 32. Bb3 Bc6 33. Kf2 g5 34. Qf3 f4 35. Bc2 Bd7 36. Kg2 Be8 37. Bb3 Bg6 38. Bxd5 Qb6 39. b4 Qa6 40. e6 Qa3 41. e7 Qb2+ 42. Qf2 Qxc3 43. Bxb7 Bf5 44. Bf3 Kf7 45. Qe2 Ke8 46. Bh5+ 1-0

[Event "Betsys MČR v online bleskovém šachu 2021"]
[Site "Chess.com"]
[Date "2021.04.17"]
[Round "8"]
[White "TCTCGTGCTATG"]
[Black "TerezaRodshtein"]
[Result "0-1"]
[WhiteElo "1920"]
[BlackElo "2172"]
[TimeControl "180+1"]
[EndTime "10:21:50 PDT"]
[Termination "Uživatel TerezaRodshtein zvítězil na čas"]

1. e4 e5 2. Nf3 Nc6 3. Bc4 Nf6 4. d3 Bc5 5. O-O d6 6. Nbd2 a6 7. Bb3 Na5 8. c3 Nxb3 9. axb3 O-O 10. Qc2 Nh5 11. d4 exd4 12. cxd4 Bb6 13. Nc4 Ba7 14. Bg5 Qd7 15. e5 h6 16. Bd2 d5 17. Ne3 Nf4 18. Rfe1 Qe6 19. Qxc7 Qg6 20. e6 Bxe6 21. Qxf4 Bb8 22.
Ne5 Qh7 23. Qf3 f6 24. N5g4 h5 25. Nxf6+ Rxf6 26. Qe2 Bc7 27. Rac1 Bb6 28. Nc2 Raf8 29. Be3 Bg4 30. Qd2 h4 31. Nb4 Qf5 32. f3 Bh5 33.
Bf2 Rg6 34. Re5 Qxf3 35. Bxh4 Qg4 36. Bg3 Bc7 37. Rxd5 Bxg3 38. hxg3 Qxg3 39. Re5 Bf3 40. Rc2 Qh3 41. Nd5 Bxg2 42. Qxg2 Rxg2+ 43. Rxg2 Qf3 44. Ne7+ Kf7 0-1

[Event "Betsys MČR v online bleskovém šachu 2021"]
[Site "Chess.com"]
[Date "2021.04.17"]
[Round "8"]
[White "Marcus_Aurelius_CZ"]
[Black "czechfant94"]
[Result "1/2-1/2"]
[WhiteElo "1411"]
[BlackElo "1592"]
[TimeControl "180+1"]
[EndTime "10:21:51 PDT"]
[Termination "Remíza – nedostatek materiálu"]

1. e4 e5 2. Nf3 Nc6 3. Bc4 Bc5 4. d3 Nf6 5. Nc3 h6 6. Be3 Bb6 7. h3 d6 8. Nd5 Nxd5 9. Bxd5 Bd7 10. Bxb6 axb6 11. O-O O-O 12. Nh2 Rb8 13. f4 Ne7 14. fxe5 Nxd5 15. exd5 dxe5 16. c4 b5 17. b3 bxc4 18.
dxc4 c6 19. dxc6 Bxc6 20. Qxd8 Rbxd8 21. Nf3 Bxf3 22. Rxf3 Rd2 23. Rf2 Rfd8 24. Re1 f6 25. Ree2 Rd1+ 26. Kh2 R8d3 27. Rf3 Rxf3 28. gxf3 Kf7 29.
Kg3 Rd3 30. Kf2 Ke6 31. Rb2 Kd6 32. Ke2 Rd4 33. Ke3 Kc5 34. a3 f5 35. Rc2 Kc6 36. b4 g5 37. Rc1 Rh4 38. a4 Rxh3 39. c5 Kc7 40. b5 Rh4 41. Ra1 Rc4 42. Rh1 Rxc5 43.
Rxh6 Rc4 44. a5 b6 45. Rxb6 f4+ 46. Kf2 Ra4 47. Rc6+ Kd7 48. a6 Ra5 49. Rc5 Kd6 50. Rc6+ Kd7 51. Rb6 Kc7 52. Rb7+ Kc8 53. b6 Rxa6 54.
Rc7+ Kd8 55. Rc5 Rxb6 56. Rxe5 Rg6 57. Ke2 Kd7 58. Rf5 Ke6 59. Rf8 Rf6 60. Rg8 Rf5 61.
Rg6+ Kf7 62. Ra6 Re5+ 63. Kf2 Re6 64. Ra5 Rg6 65. Re5 g4 66. Rf5+ Ke6 67. Rxf4 gxf3 68. Rxf3 Rf6 69. Rxf6+ Kxf6 1/2-1/2

[Event "Betsys MČR v online bleskovém šachu 2021"]
[Site "Chess.com"]
[Date "2021.04.17"]
[Round "8"]
[White "Gicko13"]
[Black "Nimrod64"]
[Result "1-0"]
[WhiteElo "2102"]
[BlackElo "2252"]
[TimeControl "180+1"]
[EndTime "10:21:53 PDT"]
[Termination "Uživatel Gicko13 zvítězil na čas"]

1. e4 d5 2. exd5 Qxd5 3. Nc3 Qd6 4. d4 Nf6 5. Nf3 c6 6. Ne5 Nbd7 7. f4 Nb6 8. g4 Nbd5 9. Bg2 g6 10. g5 Nxc3 11. bxc3 Nd5 12. c4 Nc7 13. c5 Qd8 14.
O-O Bg7 15. Bb2 O-O 16. h4 Be6 17. h5 Bd5 18. Bh3 f6 19. gxf6 exf6 20. Nd3 Qe7 21. Qe1 Rae8 22. Qg3 gxh5 23. Rae1 Qf7 24. f5 Bxa2 25. Nf4 Rxe1 26. Rxe1 Re8 27. Rf1 Bc4 28. Rf2 Kh8 29. Kh2 Bh6 30. Rg2 Bxf4 31. Qxf4 Nd5 32.
Qf3 Rg8 33. Bc1 Rxg2+ 34. Bxg2 a5 35. Qg3 Qe8 36. Bh6 Qg8 37. Qd6 h4 38. Bxd5 Qg3+ 39. Qxg3 hxg3+ 40. Kxg3 cxd5 41. Bd2 a4 42. Bc1 Kg8 43. Kg4 Kg7 44. Kh5 1-0

[Event "Betsys MČR v online bleskovém šachu 2021"]
[Site "Chess.com"]
[Date "2021.04.17"]
[Round "8"]
[White "iDarkTraveler"]
[Black "Bohous13"]
[Result "0-1"]
[WhiteElo "1955"]
[BlackElo "2209"]
[TimeControl "180+1"]
[EndTime "10:21:53 PDT"]
[Termination "Uživatel Bohous13 zvítězil po vzdání soupeře"]

1. e4 e6 2. Nc3 d5 3. d4 dxe4 4. Nxe4 Nd7 5. Nf3 Ngf6 6. Bd3 Be7 7. O-O b6 8. c4 Bb7 9. Qe2 O-O 10. b3 Re8 11.
Bb2 Nf8 12. Rfe1 Ng6 13. Nxf6+ Bxf6 14. Bxg6 hxg6 15. Rad1 Qe7 16. Qc2 Bxf3 17. gxf3 Qd6 18. Qe4 Rad8 19. Ba1 Qa3 20. d5 exd5 21. Qxe8+ Rxe8 22.
Rxe8+ Kh7 23. Bxf6 gxf6 24. Rxd5 Qxa2 25. Re7 Kg7 26.
Rdd7 Kh6 27. Rxf7 Kg5 28. Rxc7 Qxb3 29. Kg2 a5 30. Rc6 Qb2 31. h4+ Kf5 32. Rd7 g5 33. Rd5+ Kg6 34. hxg5 a4 35. Rxf6+ Kg7 36. Rdd6 Qe5 37.
Rd7+ Kg8 38. Rg6+ Kf8 39. Rdg7 Qxg7 40. Rxg7 Kxg7 41. f4 a3 42. f5 a2 43. f6+ Kg6 44. f4 a1=Q 45. Kg3 Qc3+ 46. Kg4 Qxc4 0-1

[Event "Betsys MČR v online bleskovém šachu 2021"]
[Site "Chess.com"]
[Date "2021.04.17"]
[Round "8"]
[White "Honza_13"]
[Black "FBingoPlayer"]
[Result "0-1"]
[WhiteElo "1929"]
[BlackElo "2185"]
[TimeControl "180+1"]
[EndTime "10:21:53 PDT"]
[Termination "Uživatel FBingoPlayer zvítězil na čas"]

1. Nf3 b6 2. g3 Bb7 3. Bg2 Nf6 4. O-O d6 5. d4 Nbd7 6. c4 g6 7.
b3 Bg7 8. Bb2 O-O 9. Nc3 e6 10.
Rc1 a6 11. Re1 Qe7 12. e4 e5 13. Nd5 Nxd5 14. exd5 f6 15. dxe5 fxe5 16. Nd2 Nc5 17. Qe2 Bh6 18. f4 Rae8 19. b4 Nd7 20. Bh3 Bc8 21.
Be6+ Kh8 22. fxe5 Qg7 23. Nf3 Bxc1 24. Rxc1 dxe5 25. Rf1 h6 26. Nxe5 Rxf1+ 27. Kxf1 Kh7 28. Nxd7 Qxd7 29. Bxd7 Rxe2 30. Kxe2 Bxd7 31. Be5 c6 32. Bc7 cxd5 33. cxd5 b5 34. Ke3 Kg7 35. Kd4 Kf6 36.
Be5+ Ke7 37. h4 Bc8 38. Kc5 Kd7 39. Bg7 h5 40. Bf6 Kc7 41. Bg5 Bd7 42. Bf4+ Kb7 43. Kd6 Bf5 44. Ke7 Kc8 45. d6 Bg4 46. Kf6 Bf5 0-1

[Event "Betsys MČR v online bleskovém šachu 2021"]
[Site "Chess.com"]
[Date "2021.04.17"]
[Round "8"]
[White "zdenav"]
[Black "Patriktesko"]
[Result "1-0"]
[WhiteElo "1842"]
[BlackElo "2041"]
[TimeControl "180+1"]
[EndTime "10:21:54 PDT"]
[Termination "Uživatel zdenav zvítězil na čas"]

1. e4 d5 2. e5 Bf5 3. d4 e6 4. f4 c5 5. Nf3 Nc6 6. c3 Nge7 7. dxc5 Ng6 8. b4 a5 9. b5 Na7 10. Be3 Qc8 11. b6 Nc6 12. g3 Be4 13. Bd3 Bxd3 14. Qxd3 Be7 15. O-O a4 16. Na3 Na5 17.
Qd4 O-O 18. Nb5 Qc6 19. Nd6 Nc4 20. Bf2 f6 21. Nxc4 dxc4 22. exf6 Bxf6 23. Qxc4 Rac8 24. Nd4 Qd5 25. Qxd5 exd5 26. Rac1 Rfe8 27. Nb5 Re2 28. a3 Nf8 29. Rfe1 Rce8 30. Kf1 Rxe1+ 31. Rxe1 Rxe1+ 32. Kxe1 Nd7 33. Ke2 Kf8 34. Nd6 Bxc3 35. Nxb7 d4 36. Kd3 Ke7 37. Bxd4 Bxd4 38. Kxd4 Nb8 39. Kd5 Kd7 40.
Nd6 Nc6 41. Nf5 g6 42. Nd4 Ne7+ 43. Kc4 h5 44. h4 Kc8 45. c6 Kb8 46. Kc5 Nc8 47.
Nb5 Ne7 48. c7+ Kb7 49. Nd6+ Ka6 50. c8=Q+ Nxc8 51. Nxc8 Kb7 52. Nd6+ Ka6 53. b7 Ka7 54. Kc6 Kb8 55. Nc4 g5 56. fxg5 Ka7 57. g6 Kb8 58. g7 Ka7 59. g8=Q 1-0

[Event "Betsys MČR v online bleskovém šachu 2021"]
[Site "Chess.com"]
[Date "2021.04.17"]
[Round "8"]
[White "vikysachy"]
[Black "Ami2013"]
[Result "0-1"]
[WhiteElo "843"]
[BlackElo "460"]
[TimeControl "180+1"]
[EndTime "10:21:54 PDT"]
[Termination "Uživatel Ami2013 zvítězil na čas"]

1. e4 e5 2. Nf3 Nc6 3. Bc4 Nf6 4. Ng5 d6 5. Nxf7 Qe7 6. Nxh8 Nxe4 7. Bf7+ Kd8 8. Bd5 Qf6 9. Nf7+ Ke8 10. Qh5 g6 11.
Qe2 Nd4 12. Qxe4 Bf5 13. Qe3 Nxc2+ 14. Ke2 Nxe3 15. dxe3 Bg4+ 16. Bf3 Bxf3+ 17. gxf3 Qxf7 18. Nc3 e4 19. Nxe4 g5 20. Nxg5 Qg6 21. Ne4 Qg2 22. Rd1 Qxh2 23. Bd2 d5 24. Nf6+ Ke7 25. Nxd5+ Kd6 26. Bb4+ Ke6 27. Nxc7+ Qxc7 28. Bxf8 Rxf8 29. Rac1 Qf7 30. f4 Qh5+ 31. f3 Qh2+ 32. Kd3 Rd8+ 33.
Ke4 Re8 34. Kd3 Rd8+ 35. Kc3 Rc8+ 36. Kb4 Rg8 37. e4 Qxb2+ 38. Kc4 Qxa2+ 39. Kd3 Qa3+ 40. Ke2 Qb2+ 41. Kf1 Rg2 0-1

[Event "Betsys MČR v online bleskovém šachu 2021"]
[Site "Chess.com"]
[Date "2021.04.17"]
[Round "8"]
[White "Saygram"]
[Black "berny643"]
[Result "0-1"]
[WhiteElo "2410"]
[BlackElo "2587"]
[TimeControl "180+1"]
[EndTime "10:21:57 PDT"]
[Termination "Uživatel berny643 zvítězil na čas"]

1. e4 c5 2. c3 Nf6 3. e5 Nd5 4. d4 cxd4 5. cxd4 e6 6. Nf3 b6 7. Bc4 Bb7 8. O-O Be7 9. Bxd5 Bxd5 10. Nc3 Bb7 11. d5 exd5 12. Nxd5 O-O 13. Bf4 Nc6 14. Re1 Bc5 15. a3 a5 16. Qd2 Ne7 17. Nc3 Ng6 18. Bg3 Re8 19. Rad1 Bc6 20. Ne4 Bf8 21. Nd6 Bxd6 22. Qxd6 Qe7 23. Qxe7 Rxe7 24. Nd4 Bd5 25. f4 Bc6 26. f5 Nf8 27. Bh4 Ree8 28. Nxc6 dxc6 29. Rd6 Rac8 30. Kf2 a4 31. g4 Rc7 32. e6 fxe6 33. fxe6 h6 34. e7 Nh7 35. Ree6 g5 36. Bg3 Rcxe7 37. Rxe7 Rxe7 38. Rxc6 Rf7+ 39. Ke3 Nf6 40. h3 b5 41. Kd4 Rd7+ 42. Rd6 Rf7 43. Be5 Nd7 44. Rxh6 Kf8 45. Bd6+ Kg7 46. Rh5 Kg6 47. h4 gxh4 48. Rxb5 Rf2 49. Rh5 Rd2+ 50. Kc4 Rxd6 51. Rxh4 Ne5+ 52. Kb4 Rd4+ 53. Kb5 Nd3 54. Rh8 Nxb2 55. Ra8 Rxg4 0-1

[Event "Betsys MČR v online bleskovém šachu 2021"]
[Site "Chess.com"]
[Date "2021.04.17"]
[Round "8"]
[White "krajic001"]
[Black "Kamilotka"]
[Result "0-1"]
[WhiteElo "1200"]
[BlackElo "1612"]
[TimeControl "180+1"]
[EndTime "10:21:57 PDT"]
[Termination "Uživatel Kamilotka zvítězil na čas"]

1. e4 e5 2. Bc4 Nf6 3. d4 d6 4. dxe5 dxe5 5. Bxf7+ Ke7 6. Qxd8+ Kxd8 7. Bg5 Be7 8. Nc3 Nc6 9. O-O-O+ Bd7 10. Bxf6 Bxf6 11. Be6 Nd4 12. Bxd7 Kxd7 13. Nb5 Ke6 14. Nxc7+ Ke7 15. Nxa8 Rxa8 16. c3 Nc6 17. Nf3 Rc8 18. Rd3 Nb4 19. Rd2 g5 20. Rhd1 g4 21. Rd7+ Ke8 22. Kb1 gxf3 23. cxb4 fxg2 24. Rxh7 Rc4 25.
Rg1 Rxb4 26. Rxg2 Kf8 27. Rh6 Be7 28. Re6 Rxe4 29. f3 Re3 30. Rd2 Kf7 31. Rh6 Rxf3 32. Rh7+ Ke6 33. h4 Rh3 34. h5 Bg5 35. Rxb7 Bxd2 36. Rxa7 Rxh5 37. Ra6+ Kf5 38. Rc6 Rh1+ 39.
Kc2 Bf4 40. Kd3 e4+ 41. Ke2 Rh2+ 42. Ke1 Rxb2 43. Rc5+ Kg4 44. Ra5 e3 0-1

[Event "Betsys MČR v online bleskovém šachu 2021"]
[Site "Chess.com"]
[Date "2021.04.17"]
[Round "8"]
[White "tiger196223"]
[Black "SanyH"]
[Result "1-0"]
[WhiteElo "1825"]
[BlackElo "1600"]
[TimeControl "180+1"]
[EndTime "10:21:58 PDT"]
[Termination "Uživatel tiger196223 zvítězil matem"]

1. d4 d5 2. Nf3 Nf6 3. Bg5 c6 4. c3 e6 5. Ne5 Be7 6. e3 O-O 7. Bd3 Nbd7 8. f4 c5 9. O-O h6 10.
Bh4 Qb6 11. Qb3 Qc7 12. Qc2 b6 13. Nd2 Bb7 14. Rf3 Rac8 15. Raf1 c4 16. Be2 b5 17. a3 a5 18. Rh3 b4 19. axb4 axb4 20. Nxd7 Qxd7 21. Nf3 bxc3 22. bxc3 Ne4 23. Ne5 Qc7 24.
Bxe7 Qxe7 25. f5 Ra8 26. f6 gxf6 27. Ng4 f5 28. Nxh6+ Kg7 29. Rxf5 exf5 30. Nxf5+ Kg8 31. Nxe7+ Kg7 32. Rf3 Rh8 33. Nf5+ Kf8 34. Ng3 Ra6 35. Nxe4 Rah6 36. h3 dxe4 37. Rf4 Rg6 38. Bxc4 Rhg8 39.
Rf2 Ke7 40. Rxf7+ Kd8 41. Rxb7 Rxg2+ 42. Qxg2 Rxg2+ 43. Kxg2 Kc8 44. Bd5 Kd8 45. Kg3 Kc8 46. Kf4 Kd8 47. Ke5 Kc8 48. Ke6 Kd8 49. h4 Kc8 50.
Kd6 Kd8 51. Rb8# 1-0

[Event "Betsys MČR v online bleskovém šachu 2021"]
[Site "Chess.com"]
[Date "2021.04.17"]
[Round "8"]
[White "FaceOfLightning"]
[Black "catanist19"]
[Result "0-1"]
[WhiteElo "1934"]
[BlackElo "1746"]
[TimeControl "180+1"]
[EndTime "10:22:00 PDT"]
[Termination "Uživatel catanist19 zvítězil na čas"]

1. e4 c5 2. Nc3 e6 3. a4 Be7 4.
f4 d5 5. e5 Nc6 6. Nf3 Nh6 7.
Bb5 Bd7 8. d3 a6 9. Bxc6 Bxc6 10. a5 O-O 11. O-O Rc8 12. Qe1 c4 13. d4 Bb4 14.
Bd2 Bxa5 15. h3 Bb6 16. g4 Ba7 17. Na4 b5 18. Nc3 b4 19. Ne2 a5 20. c3 bxc3 21. Bxc3 a4 22. Ng3 Rb8 23. g5 Nf5 24. Nxf5 exf5 25. Qb1 g6 26. Qc2 Rb3 27. Nd2 Rb7 28. Rfe1 Re8 29. h4 Qe7 30. Nf1 Rb3 31. Ne3 Bb6 32.
Qg2 Qa7 33. Red1 Rd8 34. h5 Ba5 35. Rdc1 Bxc3 36. bxc3 Rdb8 37. hxg6 fxg6 38. Rc2 Rb1+ 39. Rxb1 Rxb1+ 40. Kf2 a3 41. Kg3 Qa4 42. Nxd5 Bxd5 43.
Qxd5+ Kg7 44. Qg2 Qb3 45. d5 Rb2 46. e6 Rxc2 0-1

[Event "Betsys MČR v online bleskovém šachu 2021"]
[Site "Chess.com"]
[Date "2021.04.17"]
[Round "8"]
[White "xPsylocke"]
[Black "NeumanPetr"]
[Result "1/2-1/2"]
[WhiteElo "2216"]
[BlackElo "2479"]
[TimeControl "180+1"]
[EndTime "10:22:02 PDT"]
[Termination "Remíza opakováním pozice"]

1. e4 c5 2. Nc3 d6 3. d3 Nc6 4. g3 g6 5. Bg2 Bg7 6. Be3 e6 7. Qd2 Rb8 8. Nge2 Nd4 9. Nc1 h5 10. Nd1 h4 11. h3 hxg3 12. fxg3 Ne7 13. c3 Ndc6 14. Ne2 b5 15. Nf2 b4 16. O-O e5 17.
c4 Be6 18. b3 Qd7 19. g4 f5 20. exf5 gxf5 21. gxf5 Nxf5 22. Bg5 Ncd4 23. Nxd4 Nxd4 24. Rae1 Bf5 25. h4 Qe6 26. Ne4 Kd7 27. Qf2 Rbf8 28.
Qg3 Bh6 29. Rf2 Bxg5 30. Nxg5 Qh6 31. Be4 Qxh4 32. Qxh4 Rxh4 33. Bxf5+ Rxf5 34. Rxf5 Nxf5 35. Re4 Rxe4 36. Nxe4 a5 37. Kf2 Nd4 38. Ke3 Ke6 39. Ng5+ Ke7 40. Ne4 Nf5+ 41. Kf3 Nd4+ 42. Ke3 Kd7 43.
Nf6+ Ke6 44. Ne4 Nf5+ 45. Kf3 Kf7 46. Kg4 Kg6 47. Kf3 Kh5 48. Nf6+ Kg6 49. Ne4 Nd4+ 50. Ke3 Nf5+ 51. Kf3 1/2-1/2

[Event "Betsys MČR v online bleskovém šachu 2021"]
[Site "Chess.com"]
[Date "2021.04.17"]
[Round "8"]
[White "Richarlito"]
[Black "mravecuk"]
[Result "1-0"]
[WhiteElo "2060"]
[BlackElo "2219"]
[TimeControl "180+1"]
[EndTime "10:22:03 PDT"]
[Termination "Uživatel Richarlito zvítězil na čas"]

1. e4 e6 2. d4 d5 3. exd5 exd5 4. c4 Nf6 5. Nc3 Bb4 6. Bd3 O-O 7. Ne2 dxc4 8. Bxc4 Re8 9. O-O Be6 10. Bd3 c5 11.
dxc5 Bxc5 12. Bg5 Be7 13. Qc2 h6 14. Bh4 Nc6 15. Rad1 Qa5 16. Rfe1 Nb4 17. Qb1 Nxd3 18. Qxd3 Rad8 19. Qc2 Rxd1 20. Rxd1 Qc7 21. Bg3 Qa5 22. Nd4 Bc8 23. Nb3 Qh5 24. Re1 Bf5 25. Qc1 Bb4 26.
Rxe8+ Nxe8 27. Nd5 Bf8 28. Nf4 Qg5 29. Nd4 Bd7 30.
Nf3 Qa5 31. a3 Qb6 32. Nd5 Qa5 33. Ne3 Nf6 34. h3 Bc6 35. Nd4 Bd7 36. Bc7 Qg5 37. Nf3 Qb5 38. Nd4 Qa6 39. Bg3 Ne4 40. Bf4 Qf6 41. Ne2 Bd6 42. Nd5 Qe6 43. Bxd6 Qxd6 44. Ne3 Qf6 45. f3 Nd6 46. Nd5 Qe6 47. Nef4 Qf5 48. Ne7+ Kh7 49. Nxf5 Nxf5 50. Qc2 g6 51.
Nd5 Bc6 52. Nf6+ Kg7 53. Ne4 Nd4 54. Qc3 1-0